AoeStats
← BGUS_Life is so hard
◆

Rage Forest 2026

504795799Analyzed
4v4 RM · 25d ago on Sep 6, 2026· 55m 50s· 8 players
Game mode
Random Map
Map size
Large (8 player)
Population
200
Speed
Normal
Resources
Standard
Victory
Conquest
Starting age
Dark Age
Ending age
Dark Age
RankedLock teamsTeams togetherTeam positionsShared explorationLock speedFull tech treeHidden civsTurbo modeCheats
Victory
Defeat
🇩🇪 Poles · Germany
1451
+15
🇺🇸 Shu · United States
1372
+19
🇳🇴 Bohemians · Norway
1257
+23
🇳🇴 Bengalis · Norway
1203
+25
🇵🇱 Huns · Poland
1528
-24
🇩🇪 Malians · Germany
1410
-20
🇹🇼 Ethiopians · Taiwan
1400
-20
🇩🇪 Jurchens · Germany
1363
-18
+++++
10:52 Feudal Age
12:06 Double-Bit Axe
15:07 Castle Age
13:07 Double-Bit Axe
13:27 Horse Collar
16:16 Bow Saw
24:00 Heavy Plow
24:44 Wheelbarrow
26:52 Hand Cart
26:31 Gold Mining
30:56 Imperial Age
29:34 Caravan
31:28 Fletching
31:39 Padded Archer Armor
32:18 Ballistics
32:58 Chemistry
31:36 Crossbowman
32:21 Thumb Ring
32:58 Arbalester
33:40 Bodkin Arrow
33:47 Scale Mail Armor
33:57 Forging
34:03 Leather Archer Armor
34:04 Forging
34:02 Pikeman
34:42 Squires
35:02 Halberdier
37:27 Coiled Serpent Array
38:00 Chain Mail Armor
39:12 Bracer
39:53 Ring Archer Armor
40:05 Plate Mail Armor
42:27 Conscription
42:46 Hoardings
50:02 Onager
56:26 Coinage
serkoprime
1:06 Loom
13:22 Feudal Age
13:29 Man-at-Arms
14:06 Double-Bit Axe
17:34 Horse Collar
22:32 Castle Age
21:57 Fishing Lines
23:32 Bow Saw
28:09 Gold Mining
28:48 Stone Mining
30:13 Wheelbarrow
33:01 Imperial Age
31:14 Medium Warships
31:56 Fletching
33:15 Stone Shaft Mining
32:42 Bodkin Arrow
33:25 Padded Archer Armor
33:48 Ballistics
33:46 Bracer
34:52 Chemistry
34:05 Husbandry
34:16 Bloodlines
34:48 Conscription
34:52 Leather Archer Armor
35:10 Heavy Cavalry Archer
36:47 Siege Engineers
37:32 Thumb Ring
39:44 Szlachta Privileges
39:50 Scale Barding Armor
39:08 Cavalier
40:22 Forging
41:01 Chain Barding Armor
42:03 Iron Casting
45:22 Caravan
46:18 Squires
50:07 Light Cavalry
54:12 Winged Hussar
Horagalles
9:09 Loom
12:19 Feudal Age
15:50 Castle Age
14:30 Double-Bit Axe
19:55 Bow Saw
21:32 Fishing Lines
23:47 Gillnets
26:01 Wheelbarrow
25:12 Town Watch
25:37 Scale Barding Armor
26:09 Gold Mining
30:12 Imperial Age
29:10 Coinage
28:41 Caravan
29:25 Hand Cart
29:36 Bloodlines
29:56 Chain Barding Armor
29:46 Forging
30:42 Husbandry
31:28 Banking
32:53 Two-Man Saw
32:31 Gold Shaft Mining
31:46 Stone Mining
32:34 Guilds
33:39 Chemistry
33:07 Elite Battle Elephant
35:29 Conscription
35:20 Paiks
36:08 Plate Barding Armor
36:08 Iron Casting
36:19 Fortified Wall
38:11 Fletching
39:27 Blast Furnace
40:08 Fletching
40:18 Padded Archer Armor
40:40 Ballistics
41:24 Bodkin Arrow
41:45 Leather Archer Armor
42:03 Guard Tower
41:59 Arrowslits
42:08 Elite Elephant Archer
43:06 Bracer
46:51 Keep
48:06 Murder Holes
48:45 Horse Collar
51:03 Ring Archer Armor
54:58 Heavy Plow
Basse
0:44 Loom
10:13 Feudal Age
11:15 Feudal Age
14:53 Castle Age
14:44 Double-Bit Axe
14:39 Horse Collar
18:48 Wheelbarrow
19:39 Bow Saw
22:24 Heavy Plow
25:32 Scale Mail Armor
26:46 Pikeman
27:27 Scale Mail Armor
28:29 Hand Cart
31:28 Imperial Age
29:12 Elite Skirmisher
31:12 Caravan
31:42 Coinage
31:08 Fletching
31:18 Padded Archer Armor
32:31 Chemistry
32:06 Bodkin Arrow
32:14 Scale Mail Armor
34:16 Two-Man Saw
33:35 Hand Cart
33:23 Bracer
33:39 Chain Mail Armor
33:45 Pikeman
34:26 Squires
34:58 Plate Mail Armor
34:39 Forging
35:19 Leather Archer Armor
35:49 Conscription
36:15 Iron Casting
35:31 Halberdier
38:18 Houfnice
42:13 Siege Engineers
45:01 Bombard Tower
52:21 Blast Furnace
54:54 Treadmill Crane
jaszkowska.aleksandra
12:57 Feudal Age
16:55 Castle Age
16:23 Fishing Lines
16:47 Town Watch
20:10 Gillnets
21:07 Loom
22:05 Fletching
23:13 Gold Mining
25:13 Wheelbarrow
26:29 Stone Mining
26:28 Double-Bit Axe
30:22 Imperial Age
28:30 Bodkin Arrow
29:20 Gold Shaft Mining
29:15 Padded Archer Armor
29:44 Ballistics
29:44 Hand Cart
30:31 Pikeman
31:40 Bow Saw
32:04 Caravan
31:56 Halberdier
32:45 Bracer
33:41 Conscription
33:30 Scale Mail Armor
33:50 Squires
34:28 Chain Mail Armor
34:24 Forging
34:45 Conscription
34:55 Parthian Tactics
35:45 Iron Casting
35:27 Leather Archer Armor
37:41 Blast Furnace
37:31 Coinage
36:50 Heavy Cavalry Archer
38:46 Thumb Ring
40:34 Bloodlines
40:25 Husbandry
41:09 Scale Barding Armor
43:21 Chemistry
43:29 Banking
44:55 Masonry
46:52 Capped Ram
47:11 Capped Ram
48:19 Arson
48:05 Siege Ram
48:55 Elite Skirmisher
53:18 Two-Man Saw
'lu
3:28 Loom
11:55 Feudal Age
12:54 Double-Bit Axe
15:43 Castle Age
13:52 Horse Collar
17:43 Scale Mail Armor
23:56 Bow Saw
24:30 Wheelbarrow
26:32 Wheelbarrow
30:37 Imperial Age
29:34 Hand Cart
29:10 Gold Mining
29:41 Scale Barding Armor
30:36 Gold Shaft Mining
29:53 Stone Mining
31:11 Bloodlines
31:23 Chain Barding Armor
31:27 Husbandry
31:02 Heavy Camel Rider
31:10 Cavalier
31:55 Farimba
32:52 Stone Shaft Mining
33:56 Forging
34:25 Plate Barding Armor
35:55 Forging
38:59 Conscription
39:44 Caravan
39:17 Onager
42:45 Chemistry
44:19 Light Cavalry
56:33 Ballistics
Rüdiger
12:28 Feudal Age
13:06 Double-Bit Axe
16:35 Castle Age
17:59 Bow Saw
19:06 Fishing Lines
21:27 Gillnets
24:31 Gold Mining
26:56 Gold Shaft Mining
26:11 Stone Mining
30:56 Imperial Age
30:16 Scale Barding Armor
30:21 Forging
30:39 Siege Engineers
31:24 Chain Barding Armor
32:05 Conscription
31:12 Elite Iron Pagoda
33:31 Plate Barding Armor
33:32 Iron Casting
32:29 Heavy Rocket Cart
34:30 Chemistry
36:56 Town Watch
36:57 Loom
37:48 Wheelbarrow
39:09 Blast Furnace
39:23 Fletching
41:00 Husbandry
41:19 Bloodlines
41:47 Caravan
44:53 Hand Cart
52:33 Guilds
BGUS_Life is so hard
0:49 Loom
14:13 Feudal Age
19:17 Castle Age
24:39 Double-Bit Axe
28:33 Bow Saw
31:38 Horse Collar
33:10 Wheelbarrow
37:24 Imperial Age
35:40 Fortified Wall
36:08 Scale Mail Armor
36:18 Forging
36:36 Squires
38:20 Torsion Engines
38:51 Heavy Scorpion
40:09 Conscription
41:33 Chemistry
42:49 Halberdier
44:23 Chain Mail Armor
44:43 Iron Casting
45:11 Caravan
45:43 Hand Cart
46:06 Town Watch
47:28 Two-Man Saw
47:31 Capped Ram
48:58 Siege Engineers
51:18 Plate Mail Armor
51:49 Blast Furnace
Connection lost

Rejoining the realm…

Still unreachable

The connection could not be restored.

Session expired

The server has moved on; the page needs a fresh start.